 Dungeon Crawl Stone Soup version 0.30.0-15-g856e2d3f33 (webtiles) character file.

Game seed: 14573990751028030626

2604 qw the Cleaver (level 9, -2/57 HPs)
             Began as a Gargoyle Fighter on May 20, 2023.
             Slain by a two-headed ogre
             ... wielding a +0 giant club
              (7 damage)
             ... on level 10 of the Dungeon.
             The game lasted 00:03:34 (6653 turns).

qw the Cleaver (Gargoyle Fighter)                   Turns: 6653, Time: 00:03:34

Health: -2/57      AC: 23    Str: 24    XL:     9   Next: 59%
Magic:  9/9        EV: 12    Int:  9    God:
Gold:   439        SH:  4    Dex:  9    Spells: 8/8 levels left

rFire   . . .        Y - +0 war axe
rCold   + . .        c - +0 buckler
rNeg    + . .        f - +0 plate armour
rPois   inf          a - +2 helmet
rElec   +            (no cloak)
rCorr   .            (no gloves)
SInv    .            l - +0 pair of boots
Will    .....        (no amulet) Stlth
                     j - ring of protection from cold
HPRegen 0.29/turn    h - +5 ring of evasion
MPRegen 0.11/turn

%: no passive effects
@: marked
A: sickness immunity, AC +6, negative energy resistance 1, electricity
resistance, torment resistance 1, petrification resistance
a: no special abilities


You were on level 10 of the Dungeon.
You visited 1 branch of the dungeon, and saw 8 of its levels.
You also visited: Sewer.

You collected 439 gold pieces.


Innate Abilities, Weirdness & Mutations

You are immune to sickness and miasma.
Your stone body is resilient. (AC +6)
You are immune to poison.
You resist negative energy. (rN+)
You are resistant to electric shocks. (rElec)
You are resistant to unholy torment.
You are immune to petrification.


   Skills:
 - Level 7.1 Fighting
 + Level 9.1 Axes
 - Level 1.1 Throwing
 - Level 6.1 Armour
 - Level 1.9 Dodging
 - Level 4.0 Shields


You had 8 spell levels left.
You didn't know any spells.
Your spell library was empty.

Inventory:

Hand Weapons
 o - a +0 morningstar
 Y - a +0 war axe (weapon)
Missiles
 g - 3 boomerangs (quivered)
Armour
 a - a +2 helmet (worn)
 c - a +0 buckler (worn)
 f - a +0 plate armour (worn)
 l - a +0 pair of boots (worn)
Jewellery
 h - a +5 ring of evasion (right hand)
 j - a ring of protection from cold (left hand)
Scrolls
 b - a scroll of identify
 i - a scroll of amnesia {unknown}
 k - 2 scrolls of teleportation
Potions
 d - 3 potions of might
 e - 3 potions of haste
 m - a potion of resistance
 n - a potion of cancellation
 p - 3 potions of mutation
 r - a potion of heal wounds

Dungeon Overview and Level Annotations

Branches:
Dungeon (7/15)              Sewer (visited)
 Temple: D:4-7

Altars:
Ashenzari
Wu Jian
Zin
Lugonu

Shops:
D:6 :   D:7 *

Portals:
Abyss: D:1

Annotations:
D:1 2 runed translucent doors
D:4 2 runed translucent doors, qw's ghost, amateur GrCA


Message History

Something unseen breaks down the door.
You slash the two-headed ogre!
The two-headed ogre is heavily wounded.
You slash the howler monkey! The two-headed ogre closely misses you.
You block the two-headed ogre's attack.
The howler monkey hits you but does no damage.
You hit the two-headed ogre but do no damage.
The two-headed ogre is heavily wounded.
You slash the howler monkey!
You kill the howler monkey!
The two-headed ogre barely misses you. x2
A gnoll comes into view. It is wielding a +0 whip.
A howler monkey comes into view.
Your Fighting skill increases to level 7!
You closely miss the two-headed ogre.
The two-headed ogre is heavily wounded.
A gnoll sergeant comes into view. It is wielding a +0 spear.
You barely miss the two-headed ogre.
The two-headed ogre is heavily wounded.
The two-headed ogre hits you with a +0 giant club!
You block the two-headed ogre's attack.
A gnoll comes into view. It is wielding a +0 spear.
You slash the two-headed ogre!
The two-headed ogre is heavily wounded.
You closely miss the gnoll. You hit the howler monkey.
The howler monkey hoots and howls with incredible vigour!
A gnoll comes into view. It is wielding a +0 club.
The two-headed ogre hits you with a +0 giant club.
The two-headed ogre hits you with a +0 giant spiked club!
You block the gnoll's attack.
The gnoll sergeant hits you from afar with a +0 spear.
You closely miss the two-headed ogre.
The two-headed ogre is heavily wounded.
You slash the howler monkey! You hit the gnoll. The howler monkey misses you.
The gnoll barely misses you.
The gnoll sergeant hits you from afar with a +0 spear.
The howler monkey hits you.
The two-headed ogre hits you with a +0 giant club!
The two-headed ogre hits you with a +0 giant spiked club!
You die...

####### .....#
########....+ .
##......#....# ..##
#.......#....# .....
#.......#....###+#
......#####'###.........
......O@................
......hg##########......
......gg# #######
........' ........#
........# ........#
....../.#


You could see a two-headed ogre, a gnoll sergeant, a howler monkey and 2 gnolls.

Vanquished Creatures
  A water moccasin (Sewer)
  An orc warrior (D:6)
  2 sky beasts
  An ogre (D:4)
  An ice beast (D:5)
  3 centaurs
  2 phantoms
  2 bullfrogs
  6 scorpions
  A gnoll sergeant (D:6)
  A howler monkey (D:10)
  A hound (D:4)
  A jelly (D:6)
  5 orc priests
  A sleepcap (D:6)
  A gnoll bouda (D:6)
  6 iguanas
  Jessica (D:3)
  Natasha (thrice) (D:4)
  4 orc wizards
  Robin (D:4)
  8 adders
  12 gnolls
  2 shadow imps
  2 white imps
  6 ufetubi
  2 worms (D:3)
  4 dart slugs
  15 orcs
  6 endoplasms
  4 giant cockroaches
  12 goblins
  16 hobgoblins
  4 jackals (Sewer)
  13 kobolds
  2 quokkas
  9 ball pythons
  11 bats
  3 frilled lizards (D:1)
  3 rats
179 creatures vanquished.

Notes
Turn   | Place    | Note
-------+----------+-------------------------------------------
     0 | D:1      | qw the Gargoyle Fighter began the quest for the Orb.
     0 | D:1      | Reached XP level 1. HP: 14/14 MP: 1/1
     0 | D:1      | 0 ||| qw: Version: 0.2-a-97-g499787f
     0 | D:1      | 0 ||| qw: Game counter: 57
     0 | D:1      | 0 ||| qw: Always use a shield: true
     0 | D:1      | 0 ||| qw: God list: Okawaru
     0 | D:1      | 0 ||| qw: Allow faded altars: false
     0 | D:1      | 0 ||| qw: Do Orc after D:15 true
     0 | D:1      | 0 ||| qw: Do second Lair branch before Depths: true
     0 | D:1      | 0 ||| qw: Lair rune preference: random
     0 | D:1      | 0 ||| qw: Plans: Normal, Zot:1-4, God:TSO, Crypt, Tomb,
                  | Pan, Slime:5, Hells, Abyss, Win
     0 | D:1      | 0 ||| PLANNING D:1-11
    31 | D:1      | Reached skill level 2 in Axes
    53 | D:1      | Found a large runed translucent door.
    53 | D:1      | Found a large runed translucent door.
    53 | D:1      | Found a corrupted altar of Lugonu.
    53 | D:1      | Noticed a quasit
    53 | D:1      | Noticed an iron imp
    57 | D:1      | Noticed an iron imp
    57 | D:1      | Noticed a quasit
    60 | D:1      | Noticed an iron imp
    60 | D:1      | Found a one-way gate to the infinite horrors of the Abyss.
    60 | D:1      | Noticed a quasit
    89 | D:1      | Reached XP level 2. HP: 19/19 MP: 2/2
   232 | D:1      | 232 ||| Stepping ~*~*~tactically~*~*~ (hiding).
   253 | D:1      | Found a faded altar of an unknown god.
   399 | D:1      | Reached skill level 3 in Axes
   496 | D:1      | Reached XP level 3. HP: 23/23 MP: 3/3
   496 | D:1      | 496 ||| DROPPING +0 club.
  1194 | D:1      | 1194 ||| UPGRADING to +0 plate armour.
  1204 | D:1      | 1204 ||| DROPPING +0 scale mail.
  1205 | D:1      | 1205 ||| UPGRADING to ring of protection from cold.
  1206 | D:1      | 1206 ||| READING scroll labelled NOOQYD YBAKK.
  1207 | D:1      | 1207 ||| READING scroll labelled ETIYHE WIJILY.
  1277 | D:2      | Identified the staff of cold "Kahoqo" {rF++ rC+ rN+ Dex+3}
  2168 | D:2      | 2168 ||| UPGRADING to +2 helmet.
  2173 | D:2      | 2173 ||| READING 3 scrolls labelled LUFAQINUWU.
  2174 | D:2      | 2174 ||| READING scroll labelled LOCLEC ZUTAHO.
  2175 | D:2      | 2175 ||| READING 2 scrolls of identify.
  2175 | D:2      | 2175 ||| IDENTIFYING fizzy amethyst potion
  2254 | D:3      | Found an ornate altar of the Wu Jian Council.
  2254 | D:3      | Found a glowing silver altar of Zin.
  2294 | D:3      | Reached XP level 4. HP: 28/28 MP: 4/4
  2422 | D:3      | 2422 ||| Stepping ~*~*~tactically~*~*~ (stealth).
  2434 | D:3      | Reached skill level 4 in Axes
  2518 | D:3      | Reached XP level 5. HP: 27/32 MP: 5/5
  2606 | D:3      | 2606 ||| Stepping ~*~*~tactically~*~*~ (stealth).
  2608 | D:3      | 2608 ||| Stepping ~*~*~tactically~*~*~ (stealth).
  2610 | D:3      | 2610 ||| Stepping ~*~*~tactically~*~*~ (stealth).
  2618 | D:3      | Noticed Jessica
  2635 | D:3      | Killed Jessica
  2636 | D:3      | Reached skill level 5 in Axes
  2859 | D:3      | Reached XP level 6. HP: 29/39 MP: 6/6
  3072 | D:3      | 3072 ||| UPGRADING to +0 pair of boots.
  3077 | D:3      | 3077 ||| UPGRADING to +5 ring of evasion.
  3078 | D:3      | 3078 ||| DRINKING 2 red potions.
  3079 | D:3      | 3079 ||| READING 3 scrolls of identify.
  3079 | D:3      | 3079 ||| IDENTIFYING gluggy clear potion
  3080 | D:3      | 3080 ||| READING 2 scrolls of identify.
  3080 | D:3      | 3080 ||| IDENTIFYING ruby potion
  3081 | D:3      | 3081 ||| DROPPING potion of magic.
  3194 | D:4      | Noticed Natasha
  3195 | D:4      | 3195 ||| Stepping ~*~*~tactically~*~*~ (hiding).
  3208 | D:4      | Killed Natasha
  3210 | D:4      | Found a large runed translucent door.
  3210 | D:4      | Found a large runed translucent door.
  3214 | D:4      | Noticed qw's ghost (amateur GrCA)
  3256 | D:4      | Reached skill level 6 in Axes
  3268 | D:4      | Reached XP level 7. HP: 17/44 MP: 7/7
  3476 | D:4      | 3476 ||| Stepping ~*~*~tactically~*~*~ (hiding).
  3486 | D:4      | Noticed Natasha
  3489 | D:4      | 3489 ||| Stepping ~*~*~tactically~*~*~ (hiding).
  3496 | D:4      | Killed Natasha
  3727 | D:4      | Noticed Robin
  3750 | D:4      | Killed Robin
  3836 | D:4      | Noticed Natasha
  3844 | D:4      | Killed Natasha
  3931 | D:4      | 3931 ||| READING scroll labelled ZUENIT AJIL SOUW.
  3932 | D:4      | 3932 ||| READING scroll labelled KYNUET DEMYJ.
  3981 | D:5      | Entered Level 5 of the Dungeon
  3982 | D:5      | 3982 ||| PLANNING SEWER
  4018 | D:5      | Reached skill level 7 in Axes
  4075 | D:5      | Found a glowing drain.
  4076 | D:5      | 4076 ||| READING scroll labelled GIXURU HUWAN.
  4077 | D:5      | 4077 ||| READING 2 scrolls of identify.
  4077 | D:5      | 4077 ||| IDENTIFYING blue potion
  4090 | Sewer    | Entered a sewer
  4148 | Sewer    | Reached skill level 1 in Dodging
  4148 | Sewer    | Reached XP level 8. HP: 46/49 MP: 8/8
  4227 | Sewer    | 4227 ||| READING scroll labelled RASO KESHUKHEX.
  4228 | Sewer    | 4228 ||| READING scroll labelled AFFISSI CASYAH.
  4245 | D:5      | 4245 ||| PLANNING D:1-11
  4282 | D:5      | Reached skill level 1 in Throwing
  4347 | D:5      | 4347 ||| Stepping ~*~*~tactically~*~*~ (stealth).
  4349 | D:5      | 4349 ||| Stepping ~*~*~tactically~*~*~ (hiding).
  4634 | D:5      | 4634 ||| Stepping ~*~*~tactically~*~*~ (stealth).
  4637 | D:5      | 4637 ||| Stepping ~*~*~tactically~*~*~ (stealth).
  4694 | D:5      | Reached skill level 8 in Axes
  4701 | D:5      | 4701 ||| READING 3 scrolls of identify.
  4701 | D:5      | 4701 ||| IDENTIFYING fizzy grey potion
  4712 | D:5      | 4712 ||| READING 2 scrolls of identify.
  4712 | D:5      | 4712 ||| IDENTIFYING lumpy black potion
  4723 | D:5      | 4723 ||| DROPPING potion of brilliance.
  4734 | D:5      | 4734 ||| DROPPING potion of flight.
  4811 | D:5      | Found the +11 Singing Sword {sonic wave}
  4966 | D:6      | Found Desull's Book Boutique.
  5082 | D:6      | 5082 ||| Stepping ~*~*~tactically~*~*~ (stealth).
  5090 | D:6      | 5090 ||| DRINKING 2 potions of curing.
  5090 | D:6      | 5090 ||| (to cure confusion)
  5102 | D:6      | Reached skill level 6 in Fighting
  5115 | D:6      | 5115 ||| DROPPING +0 flail.
  5135 | D:6      | 5135 ||| Stepping ~*~*~tactically~*~*~ (hiding).
  5153 | D:6      | Reached XP level 9. HP: 40/55 MP: 9/9
  5251 | D:6      | 5251 ||| Stepping ~*~*~tactically~*~*~ (stealth).
  5294 | D:6      | 5294 ||| DRINKING potion of curing.
  5294 | D:6      | 5294 ||| (to cure confusion)
  5302 | D:6      | Reached skill level 9 in Axes
  5365 | D:6      | 5365 ||| Stepping ~*~*~tactically~*~*~ (stealth).
  5972 | D:6      | 5972 ||| READING scroll labelled JENUR SYLEARA.
  5973 | D:6      | 5973 ||| READING 3 scrolls of identify.
  5973 | D:6      | 5973 ||| IDENTIFYING cyan potion
  5974 | D:6      | 5974 ||| READING 2 scrolls of identify.
  5974 | D:6      | 5974 ||| IDENTIFYING amethyst potion
  6003 | D:7      | 6003 ||| STAIRDANCE
  6025 | D:7      | 6025 ||| STAIRDANCE
  6158 | D:7      | Reached skill level 6 in Armour
  6170 | D:7      | 6170 ||| Stepping ~*~*~tactically~*~*~ (hiding).
  6171 | D:7      | 6171 ||| Stepping ~*~*~tactically~*~*~ (hiding).
  6205 | D:7      | Found a broken altar of Ashenzari.
  6333 | D:7      | Found Ugrad's Gadget Gallery.
  6348 | D:7      | 6348 ||| Stepping ~*~*~tactically~*~*~ (stealth).
  6627 | D:7      | You fall into a shaft and drop 3 floors!
  6627 | D:10     | Entered Level 10 of the Dungeon
  6640 | D:10     | Noticed a two-headed ogre
  6653 | D:10     | HP: 14/57 [howler monkey (4)]
  6653 | D:10     | HP: 5/57 [two-headed ogre/+0 giant club (9)]
  6653 | D:10     | Slain by a two-headed ogre

Levels and vault maps discovered:
D:1:      erik_arrival_cave_to_civilisation [erik_arrival_cave_to_temple],
          layout_basic, ebering_ecumenical_altar_ruins
D:2:      layout_basic, nrook_campfire
D:3:      minmay_spotlight, layout_basic, nicolae_overflow_two_pavilions,
          chequers_avenue, uniq_jessica
D:4:      layout_basic, ebering_ghost_disaster_area, uniq_robin, uniq_natasha
D:5:      old_forge, layout_gridville, cheibrodos_sewer_entry_drain
D:6:      layout_basic, serial_demonic, serial_demonic_b, serial_demonic_e,
          serial_demonic_g, serial_demonic_g, serial_demonic_a,
          serial_demonic_d, serial_shops, nicolae_square_shop,
          hangedman_decor_riveting
D:7:      layout_loops_corners, mainiacjoe_overflow_alcove_1, temple_hall,
          nicolae_shop_gadgets
D:10:     layout_irregular_city, mainiacjoe_overflow_24_doors,
          nicolae_qazlal_style_of_elements, dk_noncrumbling_4, uniq_urug,
          uniq_sonja

Skill      XL: |  1  2  3  4  5  6  7  8  9 |
---------------+----------------------------+-----
Axes           | 2 3 4 5 6 7 8 9 |  9.1
Fighting       | 4 5 6 7 |  7.1
Armour         | 4 5 6 |  6.1
Dodging        | 1 |  1.9
Throwing       | 1 |  1.1
Shields        | 4 |  4.0

Action                     |  1- 3 |  4- 6 |  7- 9 || total
---------------------------+-------+-------+-------++-------
  Melee: War axe           |   104 |   158 |   344 ||   606
  Throw: Boomerang         |       |       |    42 ||    42
    Use: Scroll            |     5 |     2 |    11 ||    18
         Potion            |       |     1 |     2 ||     3
   Stab: Held in net/web   |       |       |     2 ||     2
 Armour: Scale mail        |    20 |       |       ||    20
         Plate armour      |    23 |   100 |   266 ||   389
  Dodge: Dodged            |    24 |    58 |   243 ||   325
  Block: Buckler           |    13 |    28 |    86 ||   127

Table legend:
 A = Non-vault XP
 B = Vault XP
 C = Vault XP percentage of total XP
 D = Non-vault monster count
 E = Vault monster count
 F = Vault count percentage of total count
                 A         B        C        D         E       F
            +---------+---------+-------+---------+---------+-------
      Total |    2877 |     844 |  22.7 |     133 |      46 |  25.7
            +---------+---------+-------+---------+---------+-------
        D:1 |      46 |       4 |   8.0 |      26 |       2 |   7.1
        D:2 |      30 |       0 |   0.0 |      16 |       0 |   0.0
        D:3 |     220 |      57 |  20.6 |      18 |       5 |  21.7
        D:4 |     601 |      70 |  10.4 |      23 |      13 |  36.1
        D:5 |     386 |     496 |  56.2 |      13 |      15 |  53.6
        D:6 |     997 |      50 |   4.8 |      25 |       6 |  19.4
        D:7 |     540 |       0 |   0.0 |      11 |       0 |   0.0
       D:10 |      57 |       0 |   0.0 |       1 |       0 |   0.0
      Sewer |       0 |     167 | 100.0 |       0 |       5 | 100.0
            +---------+---------+-------+---------+---------+-------
